 Dungeon Sprint DCSS version 0.29.1-15-g9cfb28693d (webtiles) character file.

Game seed: 17718839653296153301

109 Hakkniv the Digger (level 4, -6/31 HPs)
             Began as a Gargoyle Earth Elementalist on Apr 3, 2023.
             Was an Initiate of Vehumet.
             Shot with a bolt by a yaktaur (16 damage)
             ... in the Dungeon (Sprint II: "The Violet Keep of Menkaure").
             The game lasted 00:05:45 (413 turns).

Hakkniv the Digger (Gargoyle Earth Elementalist)     Turns: 413, Time: 00:05:45

Health: -6/31      AC:  5    Str: 17    XL:     4   Next: 90%
Magic:  10/11      EV: 11    Int: 17    God:    Vehumet [......]
Gold:   107        SH:  0    Dex: 10    Spells: 12/13 levels left

rFire   . . .      SeeInvis .   c - +4 shortbow "Ovaihem" {flame, Str+5}
rCold   . . .      Faith    .   (shield currently unavailable)
rNeg    + . .      Spirit   .   a - +0 robe
rPois   ∞          Reflect  .   (no helmet)
rElec   +          Harm     .   (no cloak)
rCorr   .          Rampage  .   (no gloves)
Will    .....      NoTele   +   (no boots)
Stlth   ++........              (no amulet)
HPRegen 0.10/turn               (no ring)
MPRegen 0.12/turn               (no ring)

@: no status effects
A: sickness immunity, AC +3, negative energy resistance 1, electricity
resistance, torment resistance 1, petrification resistance
a: Renounce Religion


You were in the Dungeon.
You worshipped Vehumet.
Vehumet was noncommittal.
You visited 1 branch You collected 243 gold pieces.
You spent 136 gold pieces at shops.

Inventory:

Hand Weapons
 c - the +4 shortbow "Ovaihem" (weapon) {flame, Str+5}
   (You bought it in a shop in the Dungeon)

   Any ammunition fired from it burns those it strikes, dealing additional fire
   damage.
   Str:       It affects your strength (+5).
Armour
 a - a +0 robe (worn)
Scrolls
 g - a scroll of blinking
Potions
 b - a potion of magic
 f - a potion of berserk rage


   Skills:
 + Level 5.6 Fighting
 - Level 1.5 Dodging
 - Level 2.1 Stealth
 + Level 5.2 Spellcasting
 - Level 0.7 Transmutations
 + Level 7.3 Earth Magic


You had 12 spell levels left.
You knew the following spells:

 Your Spells              Type           Power      Damage    Failure   Level
a - Sandblast             Erth           58%        2d13      1%          1

Your spell library contained the following spells:

 Spells                   Type           Power      Damage    Failure   Level
 Passwall                 Tmut/Erth      15%        N/A       4%          2
 Stone Arrow              Conj/Erth      32%        3d9       10%         3
 Petrify                  Tmut/Erth      18%        N/A       26%         4


Dungeon Overview and Level Annotations

Branches:
Dungeon (1/1)

Altars:
Cheibriados
Dithmenos
Elyvilon
Fedhas
Gozag
Hepliaklqana
Kikubaaqudgha
Makhleb
Nemelex Xobeh
Okawaru
Qazlal
Ru
Sif Muna
Trog
Uskayaw
Vehumet
Wu Jian
Xom
Yredelemnul
Zin
The Shining One
Jiyva
Lugonu

Shops:
D =!:[!*[:=[=*?[(

Annotations:
D exclusion: oklob plant, Roxanne


Innate Abilities, Weirdness & Mutations

You are immune to sickness and miasma.
Your stone body is resilient. (AC +3)
You are immune to poison.
You resist negative energy. (rN+)
You are resistant to electric shocks. (rElec)
You are resistant to unholy torment.
You are immune to petrification.


Message History

There is a radiant altar of Vehumet here.
You kneel at the altar of Vehumet.
Vehumet welcomes you!
There is a burning altar of Makhleb here.
The water moccasin hisses angrily.
There is a bloodstained altar of Trog here.
There is a shimmering blue altar of Sif Muna here.
Found a dagger.
There is a sacrificial altar of Ru here.
Found a silvery potion and 12 gold pieces.
There is a stormy altar of Qazlal here.
The flying skull gives a hideous shriek! x2
There is an ornate altar of the Wu Jian Council here.
There is a glowing golden altar of the Shining One here.
There is a glowing silver altar of Zin here.
There is a radiant altar of Vehumet here.
There is an iron altar of Okawaru here.
There is an opulent altar of Gozag here.
The polar bear growls angrily.
The walls and floor vibrate strangely for a moment.
Okay, then.
A yaktaur opens the door.
Found 3 pink potions and a scroll labelled UMOEWE RACONEO.
Found a spear and 13 gold pieces.
The yaktaur wields a +0 arbalest.
The yaktaur shoots a bolt.
The bolt completely misses you.
The yaktaur shoots a bolt.
The bolt misses you.
Casting: Sandblast (safe; 1% risk of failure)
Confirm with . or Enter, or press ? or * to list all spells.
Aiming: Sandblast (safe; 1% risk of failure)
Press: ? - help, Shift-Dir - straight line, f - polar bear
Aim: a polar bear (87% to hit)
The blast of sand hits the polar bear.
The polar bear is lightly wounded.
The polar bear bites you!
Ouch! That really hurt!
The polar bear claws you but does no damage.
The polar bear claws you.
The yaktaur shoots a bolt.
The bolt hits you!
Ouch! That really hurt!
You die...

##..# +..# .#▓:!!(() #..#
#..# .#▓???$??!$
+..####..##.#▓=$$$($)
#....###...##▓▓▓▓▓▓▓+
#......~~y~hh~~~~~~~
#~~.....~#c########+###
#~~~~~~~..~#....._..#S~§##
#~~~~~~~~.~#...._._.#S~≈≈##
~~~§§≈§§~~~#...h@_._#S~~§≈#
~~~~≈≈§≈~~~#.._._._.#~§§≈≈≈
+#~§§§≈≈≈≈§#._._._._#~§~§§≈
##≈§§###≈≈#_._._._.#~§§§§~
#≈§#._._._._#~§≈≈≈§
#≈≈#_._._...#§≈≈≈▓▓
≈≈≈§≈§##########~≈≈≈▓z
#######~~~~~§§~~≈≈≈§▓z
§≈≈S###~########≈▓▓▓▓▓


You could see 3 polar bears, a yaktaur, a hornet and 3 water moccasins.

Vanquished Creatures
  A water moccasin (D)
  3 worms (D)
4 creatures vanquished.

Vanquished Creatures (others)
  Menkaure (D)
  A water moccasin (D)
2 creatures vanquished.

Grand Total: 6 creatures vanquished

Notes
Turn   | Place    | Note
-------+----------+-------------------------------------------
     0 | D        | Hakkniv the Gargoyle Earth Elementalist began the quest for
                  | the Orb.
     0 | D        | Reached XP level 1. HP: 10/10 MP: 3/3
    11 | D        | Reached skill level 1 in Fighting
    11 | D        | Reached skill level 4 in Earth Magic
    15 | D        | Reached XP level 2. HP: 17/17 MP: 1/5
    66 | D        | Found Radett's Jewellery Emporium.
    66 | D        | Found Heamniosk's Magic Scroll Emporium.
    66 | D        | Found Ablidgh's Book Shoppe.
    66 | D        | Found Qagapp's Antique Weapon Emporium.
    66 | D        | Found Xarchil's Antique Armour Shoppe.
    66 | D        | Found Cetuin's General Store.
    66 | D        | Found Yfobudelez's Antique Armour Shoppe.
    67 | D        | Found Ocar's Jewellery Emporium.
    94 | D        | Killed Menkaure
   149 | D        | Killed a water moccasin
   166 | D        | Found Xoissoez's Antique Armour Shoppe.
   166 | D        | Found Nuhebb's General Store.
   168 | D        | Found Onidyzeg's Distillery.
   168 | D        | Found Xusary's Antique Armour Shoppe.
   168 | D        | Noticed a water moccasin
   168 | D        | Noticed an oklob plant
   169 | D        | Found Zonienyn's Distillery.
   169 | D        | Found Zeoho's Book Shoppe.
   169 | D        | Found Eci Wavo's Jewellery Emporium.
   171 | D        | Noticed a fire dragon
   177 | D        | Killed a water moccasin
   178 | D        | Reached skill level 5 in Fighting
   178 | D        | Reached skill level 5 in Spellcasting
   178 | D        | Reached skill level 7 in Earth Magic
   178 | D        | Reached XP level 3. HP: 17/26 MP: 3/9
   178 | D        | Reached XP level 4. HP: 20/31 MP: 3/11
   307 | D        | Noticed an iron elemental
   321 | D        | Bought a crystal shortbow for 136 gold pieces
   321 | D        | Identified the +4 shortbow "Ovaihem" {flame, Str+5} (You
                  | bought it in a shop in the Dungeon)
   338 | D        | Noticed Roxanne
   359 | D        | Found a blossoming altar of Fedhas.
   360 | D        | Found a white marble altar of Elyvilon.
   361 | D        | Found a shadowy altar of Dithmenos.
   361 | D        | Found a corrupted altar of Lugonu.
   361 | D        | Found an opulent altar of Gozag.
   361 | D        | Found a burning altar of Makhleb.
   362 | D        | Found a snail-covered altar of Cheibriados.
   362 | D        | Found an ancient bone altar of Kikubaaqudgha.
   362 | D        | Found a bloodstained altar of Trog.
   363 | D        | Found a viscous altar of Jiyva.
   363 | D        | Found a shimmering blue altar of Sif Muna.
   364 | D        | Found a hazy altar of Hepliaklqana.
   364 | D        | Found a sacrificial altar of Ru.
   365 | D        | Found a shimmering altar of Xom.
   366 | D        | Found a stormy altar of Qazlal.
   366 | D        | Found an ornate altar of the Wu Jian Council.
   366 | D        | Found a sparkling altar of Nemelex Xobeh.
   366 | D        | Found a hide-covered altar of Uskayaw.
   366 | D        | Found a basalt altar of Yredelemnul.
   366 | D        | Found a glowing golden altar of the Shining One.
   366 | D        | Noticed a hornet
   366 | D        | Noticed a polar bear
   367 | D        | Found a radiant altar of Vehumet.
   367 | D        | Found an iron altar of Okawaru.
   367 | D        | Found a glowing silver altar of Zin.
   367 | D        | Noticed a yaktaur
   368 | D        | Noticed a polar bear
   370 | D        | Noticed a water moccasin
   373 | D        | Noticed a water moccasin
   376 | D        | Became a worshipper of Vehumet
   386 | D        | Noticed a water moccasin
   387 | D        | Noticed a flying skull
   387 | D        | Noticed a flying skull
   402 | D        | Noticed a polar bear
   413 | D        | Shot with a bolt by a yaktaur

Illustrated notes

Levels and vault maps discovered:
D:        the_violet_keep_of_menkaure [sprint2_stairs_cluster_1,
          sprint2_shoproom, sprint2_temple, sprint2_basic_supplies,
          sprint2_obstacle_4, sprint2_obstacle_5, sprint2_obstacle_6,
          sprint2_obstacle_7, sprint2_obstacle_3, sprint2_timed_cluster_1,
          sprint2_smallroom_cluster_1, sprint2_smallroom_final_cluster_1,
          sprint2_transparent_cluster_1, sprint2_second_timed_cluster_1,
          sprint2_sniper_area_1, sprint2_heavy_combat_area_1,
          sprint2_mutation_trap_area_1, sprint2_forest_area_1,
          sprint2_light_combat_area_1, sprint2_behind_water_1,
          sprint2_near_end_vault_1]

Skill      XL: |  1  2 |
---------------+-------+-----
Fighting       | 2 5 |  5.6
Earth Magic    | 4 7 |  7.3
Spellcasting   | 5 |  5.2
Dodging        | |  1.5
Stealth        | |  2.1
Transmutations | |  0.7

Action                   |  1- 3 |  4- 6 || total
-------------------------+-------+-------++-------
 Cast: Sandblast         |    14 |     1 ||    15
  Use: Potion            |     5 |       ||     5
Armor: Robe              |       |     1 ||     1
Dodge: Dodged            |     4 |     2 ||     6
